Stars vs Coyotes
(R1)
Created - December 20, 2019 at 21:43
Goals
|
Stars |
2 |
1 |
2 |
5 |
Coyotes |
1 |
1 |
1 |
3 |
|
Shots
|
Stars |
6 |
9 |
11 |
26 |
Coyotes |
8 |
7 |
4 |
19 |
|
1st period
1. Coyotes , Jamie Arniel 7 (Kristopher Letang 11, Martin Samuelsson 3) at 6:49
2. Stars , Evgeny Grachev 4 (Ted Purcell 6, Boris Valabik 5) at 9:13
3. Stars , Evgeny Grachev 5 (Ted Purcell 7, Andrej Sustr 4) at 16:25
Penalties :
Alex Chiasson (Dal) for Goalie Interference (Minor) at 0:27, Michael Del Zotto (Ari) for Tripping (Minor) at 9:49, Zach Parise (Ari) for Interference (Minor) at 13:59
2nd period
4. Coyotes , Marian Gaborik 14 (Tyler Ennis 13, Anton Stralman 5) at 12:28
5. Stars , Ted Purcell 5 (Boris Valabik 6) at 16:50
Penalties :
Andrej Sustr (Dal) for Hooking (Minor) at 3:37
3rd period
6. Stars , Alex Chiasson 3 (Jussi Jokinen 11, Ian White 11) at 1:08 (PP)
7. Coyotes , Tyler Ennis 12 (Nazem Kadri 21, Marian Gaborik 14) at 3:13
8. Stars , Evgeny Grachev 6 (Cam Atkinson 2) at 4:18
Penalties :
Kristopher Letang (Ari) for Hooking (Minor) at 0:34, Tyler Ennis (Ari) for Interference (Minor) at 4:31, Marian Gaborik (Ari) for Hooking (Minor) at 9:09, Brian Lee (Dal) for Boarding (Minor) at 16:21
Goalie Stats
Cory Schneider (Dal), 16 saves from 19 shots - (0.842), W, 15-6-1, 60:00 minutes
Maxime Daigneault (Ari), 14 saves from 18 shots - (0.778), L, 11-5-1, 41:08 minutes
Thomas McCollum (Ari), 7 saves from 8 shots - (0.875), 18:52 minutes
Players Stats for Stars
Player Name G A P +/- PIM S H SB GA TA FO MP PP MP PK MP
------------------------------------------------------------------------------------
Alex Chiasson 1 0 1 -2 2 2 0 1 2 0 0/1 15:00 3:50 0:00
Alexander Frolov 0 0 0 -1 0 0 1 1 0 0 0/0 12:30 0:12 0:25
Andrej Sustr 0 1 1 0 2 1 0 0 0 0 0/0 13:26 0:00 0:59
Antoine Vermette 0 0 0 -2 0 0 1 0 0 1 4/10 16:40 3:50 1:40
B.J. Crombeen 0 0 0 -1 0 1 1 0 0 0 0/0 11:42 0:00 0:00
Boris Valabik 0 2 2 1 0 1 1 0 0 0 0/0 21:53 2:29 2:36
Brian Lee 0 0 0 0 2 1 0 3 2 0 0/0 25:18 6:01 2:22
Cam Atkinson 0 1 1 4 0 2 3 0 0 0 0/0 7:56 0:00 0:00
Cory Emmerton 0 0 0 -1 0 1 0 1 0 0 3/4 12:34 0:00 0:52
Evgeny Grachev 3 0 3 4 0 3 0 1 0 0 1/1 7:56 0:00 0:00
Guillaume Latendresse 0 0 0 0 0 6 0 1 0 0 0/3 22:41 4:28 3:36
Ian White 0 1 1 0 0 1 1 1 1 1 0/0 26:54 6:01 3:43
John Tavares 0 0 0 0 0 1 2 0 2 1 11/25 23:00 4:40 3:41
Johnny Oduya 0 0 0 1 0 0 1 2 1 1 0/0 21:31 2:29 2:14
Jussi Jokinen 0 1 1 -2 0 1 2 0 2 1 0/1 16:41 3:50 1:40
Michael Grabner 0 0 0 0 0 2 2 0 1 0 1/1 18:26 4:28 0:00
Niklas Hjalmarsson 0 0 0 0 0 1 0 0 1 1 0/0 11:35 0:00 0:00
Ted Purcell 1 2 3 4 0 2 0 0 0 0 0/0 8:17 0:12 0:00
Players Stats for Coyotes
Player Name G A P +/- PIM S H SB GA TA FO MP PP MP PK MP
------------------------------------------------------------------------------------
Andrew MacDonald 0 0 0 0 0 0 0 0 0 0 0/0 4:26 0:00 0:19
Anton Stralman 0 1 1 3 0 3 1 0 1 1 0/0 27:31 3:44 5:20
Brad Richards 0 0 0 0 0 1 1 0 0 1 2/5 17:41 2:18 1:34
Chris Stewart 0 0 0 0 0 1 1 0 0 1 0/0 16:31 2:30 0:00
Evgeny Artyukhin 0 0 0 -2 0 1 2 0 0 0 3/5 16:05 0:00 2:59
Jamie Arniel 1 0 1 -2 0 2 1 0 0 0 1/4 12:44 0:17 0:00
Josh Gorges 0 0 0 -2 0 0 2 1 0 0 0/0 18:56 2:13 3:10
Kristopher Letang 0 1 1 3 2 0 0 0 0 1 0/0 26:51 3:44 4:46
Marian Gaborik 1 1 2 1 2 2 3 0 1 1 2/3 24:44 3:22 3:58
Martin Samuelsson 0 1 1 -2 0 1 1 0 0 0 0/0 15:14 0:00 2:02
Matt Donovan 0 0 0 -2 0 0 1 1 0 0 0/0 9:31 0:00 0:00
Michael Del Zotto 0 0 0 -2 2 1 0 2 2 2 0/0 18:47 2:13 2:14
Mike Weber 0 0 0 0 0 0 0 0 0 0 0/0 4:07 0:00 0:00
Nazem Kadri 0 1 1 1 0 3 3 0 1 3 14/22 20:12 3:27 1:52
Ramzi Abid 0 0 0 0 0 0 0 0 0 0 0/0 5:39 0:00 0:05
Thomas Hickey 0 0 0 -2 0 0 0 0 0 0 0/0 10:42 0:00 1:11
Tyler Ennis 1 1 2 1 2 3 0 1 0 2 4/7 23:46 3:27 3:37
Zach Parise 0 0 0 0 2 1 1 2 1 0 0/0 17:58 2:30 0:53
3 Stars
1 - Evgeny Grachev (Dal)
2 - Ted Purcell (Dal)
3 - Cam Atkinson (Dal)
Power Play
Stars - 1 on 5 Attempt(s) - 20.00%
Coyotes - 0 on 3 Attempt(s) - 0.00%
Penalty Kill
Stars - 3 on 3 Attempt(s) - 100.00%
- Score 0 goal in Penalty Kill
Coyotes - 4 on 5 Attempt(s) - 80.00%
- Score 0 goal in Penalty Kill
Team Stat
Stars - Hits : 15 - Faceoff Wins : 20 - Blocked Shots : 11 - Penalty Minutes : 6
Coyotes - Hits : 17 - Faceoff Wins : 26 - Blocked Shots : 7 - Penalty Minutes : 10
Official
Referees : Unknown
Linesman : Unknown
Game Notes
Thomas McCollum enters game at 1:08 of 3rd period
Evgeny Grachev has scored a Hat Trick!
Jamie Arniel is injured at 18:07 of 3rd period (Broken Right Foot Toe)
Finance
Level 1 -- Attendance: 5712 (95.20%) -- Ticket Income $599,760
Level 2 -- Attendance: 4446 (88.92%) -- Ticket Income $302,328
Level 3 -- Attendance: 2000 (100.00%) -- Ticket Income $80,000
Level 4 -- Attendance: 4000 (100.00%) -- Ticket Income $120,000
Luxury Box -- Attendance: 948 (94.80%) -- Ticket Income $170,640
Game was played at the The Pack Center.
Total Attendance: 17106 (95.03%)
Total Ticket Income: $1,272,728
Other Income: $190,909
Total Income: $1,463,637
Stars
5 vs 5 Forward
Center Left Wing Right Wing Time % Phy DF OF
1 John Tavares Guillaume Latendresse Michael Grabner 40 1 2 2
2 Antoine Vermette Jussi Jokinen Alex Chiasson 30 1 2 2
3 Cory Emmerton Alexander Frolov B.J. Crombeen 20 1 2 2
4 Evgeny Grachev Ted Purcell Cam Atkinson 10 1 2 2
5 vs 5 Defense
Defense Defense Time % Phy DF OF
1 Ian White Brian Lee 40 1 2 2
2 Boris Valabik Johnny Oduya 30 1 2 2
3 Niklas Hjalmarsson Andrej Sustr 20 1 2 2
4 Ian White Brian Lee 10 1 2 2
PowerPlay Forward
Center Left Wing Right Wing Time % Phy DF OF
1 John Tavares Guillaume Latendresse Michael Grabner 60 0 2 3
2 Antoine Vermette Jussi Jokinen Alex Chiasson 40 0 2 3
PowerPlay Defense
Defense Defense Time % Phy DF OF
1 Ian White Brian Lee 60 0 2 3
2 Boris Valabik Johnny Oduya 40 0 2 3
Penalty Kill 4 Players Forward
Center Wing Time % Phy DF OF
1 John Tavares Guillaume Latendresse 60 0 3 2
2 Jussi Jokinen Antoine Vermette 40 0 3 2
Penalty Kill 4 Players Defense
Defense Defense Time % Phy DF OF
1 Ian White Brian Lee 60 0 3 2
2 Boris Valabik Johnny Oduya 40 0 3 2
Penalty Kill - 3 Players Forward
Forward Time % Phy DF OF
1 John Tavares 60 0 3 2
2 Guillaume Latendresse 40 0 3 2
Penalty Kill - 3 Players Defense
Defense Defense Time % Phy DF OF
1 Ian White Brian Lee 60 0 3 2
2 Boris Valabik Johnny Oduya 40 0 3 2
4 vs 4 Forward
Center Wing Time % Phy DF OF
1 John Tavares Guillaume Latendresse 60 1 2 2
2 Jussi Jokinen Antoine Vermette 40 1 2 2
4 vs 4 Defense
Defense Defense Time % Phy DF OF
1 Ian White Brian Lee 60 1 2 2
2 Boris Valabik Johnny Oduya 40 1 2 2
Last Minutes Offensive
Center Left Wing Right Wing Defense Defense
John Tavares Guillaume Latendresse Michael Grabner Ian White Brian Lee
Last Minutes Defensive
Center Left Wing Right Wing Defense Defense
John Tavares Guillaume Latendresse Michael Grabner Ian White Brian Lee
Goaltenders
Starting : Cory Schneider
Backup : Brian Elliott
Extra Forwards
Normal : Alexander Frolov, Ted Purcell, Cory Emmerton - PP : Alexander Frolov, Ted Purcell - PK : Cory Emmerton
Extra Defensemen
Normal : Niklas Hjalmarsson, Andrej Sustr, Boris Valabik - PP : Niklas Hjalmarsson - PK : Andrej Sustr, Boris Valabik
Penalty Shots
John Tavares, Guillaume Latendresse, Jussi Jokinen, Antoine Vermette, Alexander Frolov
Scratches
Shawn Matthias (Healthy)
Coyotes
5 vs 5 Forward
Center Left Wing Right Wing Time % Phy DF OF
1 Nazem Kadri Tyler Ennis Marian Gaborik 40 1 2 2
2 Brad Richards Zach Parise Chris Stewart 30 1 2 2
3 Jamie Arniel Martin Samuelsson Evgeny Artyukhin 20 1 2 2
4 Tyler Ennis Ramzi Abid Marian Gaborik 10 1 2 2
5 vs 5 Defense
Defense Defense Time % Phy DF OF
1 Kristopher Letang Anton Stralman 40 1 2 2
2 Josh Gorges Michael Del Zotto 30 1 2 2
3 Matt Donovan Thomas Hickey 20 1 2 2
4 Andrew MacDonald Mike Weber 10 1 2 2
PowerPlay Forward
Center Left Wing Right Wing Time % Phy DF OF
1 Nazem Kadri Tyler Ennis Marian Gaborik 60 1 2 2
2 Brad Richards Zach Parise Chris Stewart 40 1 2 2
PowerPlay Defense
Defense Defense Time % Phy DF OF
1 Kristopher Letang Anton Stralman 60 1 2 2
2 Josh Gorges Michael Del Zotto 40 1 2 2
Penalty Kill 4 Players Forward
Center Wing Time % Phy DF OF
1 Tyler Ennis Marian Gaborik 60 1 2 2
2 Zach Parise Nazem Kadri 40 1 2 2
Penalty Kill 4 Players Defense
Defense Defense Time % Phy DF OF
1 Kristopher Letang Anton Stralman 60 1 2 2
2 Josh Gorges Michael Del Zotto 40 1 2 2
Penalty Kill - 3 Players Forward
Forward Time % Phy DF OF
1 Tyler Ennis 60 1 2 2
2 Marian Gaborik 40 1 2 2
Penalty Kill - 3 Players Defense
Defense Defense Time % Phy DF OF
1 Kristopher Letang Anton Stralman 60 1 2 2
2 Josh Gorges Michael Del Zotto 40 1 2 2
4 vs 4 Forward
Center Wing Time % Phy DF OF
1 Tyler Ennis Marian Gaborik 60 1 2 2
2 Zach Parise Nazem Kadri 40 1 2 2
4 vs 4 Defense
Defense Defense Time % Phy DF OF
1 Kristopher Letang Anton Stralman 60 1 2 2
2 Josh Gorges Michael Del Zotto 40 1 2 2
Last Minutes Offensive
Center Left Wing Right Wing Defense Defense
Nazem Kadri Tyler Ennis Marian Gaborik Kristopher Letang Anton Stralman
Last Minutes Defensive
Center Left Wing Right Wing Defense Defense
Nazem Kadri Tyler Ennis Marian Gaborik Kristopher Letang Anton Stralman
Goaltenders
Starting : Maxime Daigneault
Backup : Thomas McCollum
Extra Forwards
Normal : Jamie Arniel, Martin Samuelsson, Evgeny Artyukhin - PP : Jamie Arniel, Martin Samuelsson - PK : Evgeny Artyukhin
Extra Defensemen
Normal : Matt Donovan, Thomas Hickey, Andrew MacDonald - PP : Matt Donovan - PK : Thomas Hickey, Andrew MacDonald
Penalty Shots
Tyler Ennis, Marian Gaborik, Zach Parise, Nazem Kadri, Brad Richards
Scratches
Nick Bonino (Healthy)
% Time on Ice - Stars
Lines # - Real PCT - Wanted PCT - Time Play
Normal Forward
1 - 32% - 40% - 14:39
2 - 25% - 30% - 11:18
3 - 26% - 20% - 11:40
4 - 17% - 10% - 7:56
Normal Defense
1 - 37% - 40% - 17:03
2 - 37% - 30% - 16:48
3 - 25% - 20% - 11:35
4 - 0% - 10% - 0:07
PP Forward
1 - 55% - 60% - 4:40
2 - 45% - 40% - 3:50
PP Defense
1 - 71% - 60% - 6:01
2 - 29% - 40% - 2:29
PK Forward
1 - 72% - 60% - 4:17
2 - 28% - 40% - 1:40
PK Defense
1 - 62% - 60% - 3:43
2 - 38% - 40% - 2:14
PK3 Forward
1 - 0% - 60%
2 - 0% - 40%
PK3 Defense
1 - 0% - 60%
2 - 0% - 40%
44 Forward
1 - 0% - 60%
2 - 0% - 40%
44 Defense
1 - 0% - 60%
2 - 0% - 40%
Last Minute Offensive - 0:00
Last Minute Defensive - 0:00
Total
Forward - 60:00
Defense - 60:00
|
% Time on Ice - Coyotes
Lines # - Real PCT - Wanted PCT - Time Play
Normal Forward
1 - 29% - 40% - 13:18
2 - 33% - 30% - 15:11
3 - 26% - 20% - 11:58
4 - 11% - 10% - 5:06
Normal Defense
1 - 40% - 40% - 18:22
2 - 30% - 30% - 13:33
3 - 21% - 20% - 9:31
4 - 9% - 10% - 4:07
PP Forward
1 - 58% - 60% - 3:27
2 - 42% - 40% - 2:30
PP Defense
1 - 63% - 60% - 3:44
2 - 37% - 40% - 2:13
PK Forward
1 - 80% - 60% - 6:49
2 - 20% - 40% - 1:41
PK Defense
1 - 63% - 60% - 5:20
2 - 37% - 40% - 3:10
PK3 Forward
1 - 0% - 60%
2 - 0% - 40%
PK3 Defense
1 - 0% - 60%
2 - 0% - 40%
44 Forward
1 - 0% - 60%
2 - 0% - 40%
44 Defense
1 - 0% - 60%
2 - 0% - 40%
Last Minute Offensive - 0:00
Last Minute Defensive - 0:00
Total
Forward - 60:00
Defense - 60:00
|
Play-by-Play
1st period
0:01 of 1st period - Nazem Kadri wins face-off versus John Tavares in neutral zone.
0:27 of 1st period - Minor Penalty to Alex Chiasson for Goalie Interference.
0:28 of 1st period - Nazem Kadri wins face-off versus John Tavares in Stars zone.
0:29 of 1st period - Slapshot by Tyler Ennis.
0:29 of 1st period - Shot Blocked by Brian Lee.
1:19 of 1st period - Icing by Tyler Ennis.
1:20 of 1st period - Nazem Kadri wins face-off versus Jussi Jokinen in Coyotes zone.
2:16 of 1st period - Josh Gorges is hit by Jussi Jokinen and loses puck.
2:27 of 1st period - Penalty to Alex Chiasson is over, Alex Chiasson is back on ice.
2:41 of 1st period - Backhand shot by B.J. Crombeen.
2:41 of 1st period - Shot Misses the Net.
2:46 of 1st period - Off-side.
2:47 of 1st period - Antoine Vermette wins face-off versus Jamie Arniel in neutral zone.
3:47 of 1st period - Slapshot by Zach Parise.
3:47 of 1st period - Stopped by Cory Schneider without a rebound.
3:48 of 1st period - Nazem Kadri wins face-off versus John Tavares in Stars zone.
4:47 of 1st period - Snap shot by B.J. Crombeen.
4:47 of 1st period - Stopped by Maxime Daigneault without a rebound.
4:48 of 1st period - Nazem Kadri wins face-off versus John Tavares in Coyotes zone.
5:01 of 1st period - Wrist shot by Tyler Ennis.
5:01 of 1st period - Shot Misses the Net.
5:28 of 1st period - Snap shot by Jussi Jokinen.
5:28 of 1st period - Shot Misses the Net.
6:16 of 1st period - Slapshot by John Tavares.
6:16 of 1st period - Shot Blocked by Zach Parise.
6:49 of 1st period - Wrist shot by Jamie Arniel.
6:49 of 1st period - Goal by Jamie Arniel - Stars : 0 - Coyotes : 1.
6:50 of 1st period - Nazem Kadri wins face-off versus John Tavares in neutral zone.
6:59 of 1st period - Snap shot by Tyler Ennis.
6:59 of 1st period - Stopped by Cory Schneider with a rebound.
7:01 of 1st period - Slapshot by Kristopher Letang.
7:01 of 1st period - Shot Blocked by Ian White.
7:47 of 1st period - Boris Valabik is hit by Anton Stralman and loses puck.
8:26 of 1st period - Boris Valabik is hit by Josh Gorges and loses puck.
9:13 of 1st period - Slapshot by Evgeny Grachev.
9:13 of 1st period - Goal by Evgeny Grachev - Stars : 1 - Coyotes : 1.
9:14 of 1st period - Nazem Kadri wins face-off versus John Tavares in neutral zone.
9:17 of 1st period - John Tavares is hit by Marian Gaborik and loses puck.
9:47 of 1st period - Wrist shot by Michael Grabner.
9:47 of 1st period - Stopped by Maxime Daigneault with a rebound.
9:49 of 1st period - Minor Penalty to Michael Del Zotto for Tripping.
9:50 of 1st period - Marian Gaborik wins face-off versus Antoine Vermette in Coyotes zone.
10:17 of 1st period - Kristopher Letang is hit by Michael Grabner and loses puck.
10:46 of 1st period - Snap shot by Nazem Kadri.
10:46 of 1st period - Stopped by Cory Schneider with a rebound.
11:49 of 1st period - Penalty to Michael Del Zotto is over, Michael Del Zotto is back on ice.
12:40 of 1st period - Snap shot by Nazem Kadri.
12:40 of 1st period - Stopped by Cory Schneider with a rebound.
12:42 of 1st period - Slapshot by Anton Stralman.
12:42 of 1st period - Stopped by Cory Schneider with a rebound.
12:44 of 1st period - Slapshot by Anton Stralman.
12:44 of 1st period - Shot Blocked by Johnny Oduya.
12:46 of 1st period - Slapshot by Martin Samuelsson.
12:46 of 1st period - Shot Blocked by Evgeny Grachev.
12:48 of 1st period - Wrist shot by Jamie Arniel.
12:48 of 1st period - Stopped by Cory Schneider without a rebound.
12:49 of 1st period - Tyler Ennis wins face-off versus Guillaume Latendresse in Stars zone.
13:00 of 1st period - Slapshot by Tyler Ennis.
13:00 of 1st period - Shot Blocked by Guillaume Latendresse.
13:16 of 1st period - Thomas Hickey is hit by Johnny Oduya and loses puck.
13:37 of 1st period - Icing by Zach Parise.
13:38 of 1st period - Cory Emmerton wins face-off versus Brad Richards in Coyotes zone.
13:49 of 1st period - Wrist shot by B.J. Crombeen.
13:49 of 1st period - Shot Misses the Net.
13:51 of 1st period - Slapshot by B.J. Crombeen.
13:51 of 1st period - Shot Misses the Net.
13:53 of 1st period - Slapshot by B.J. Crombeen.
13:53 of 1st period - Shot Misses the Net.
13:59 of 1st period - Minor Penalty to Zach Parise for Interference.
14:00 of 1st period - John Tavares wins face-off versus Tyler Ennis in Coyotes zone.
15:59 of 1st period - Penalty to Zach Parise is over, Zach Parise is back on ice.
16:25 of 1st period - Slapshot by Evgeny Grachev.
16:25 of 1st period - Goal by Evgeny Grachev - Stars : 2 - Coyotes : 1.
16:26 of 1st period - Antoine Vermette wins face-off versus Nazem Kadri in neutral zone.
17:13 of 1st period - Jamie Arniel is hit by Cam Atkinson and loses puck.
17:24 of 1st period - Snap shot by Ted Purcell.
17:24 of 1st period - Shot Misses the Net.
17:26 of 1st period - Slapshot by Niklas Hjalmarsson.
17:26 of 1st period - Stopped by Maxime Daigneault with a rebound.
18:20 of 1st period - Off-side.
18:21 of 1st period - Cory Emmerton wins face-off versus Jamie Arniel in neutral zone.
18:24 of 1st period - Snap shot by Ian White.
18:24 of 1st period - Stopped by Maxime Daigneault with a rebound.
18:32 of 1st period - Brian Lee is hit by Jamie Arniel and loses puck.
18:59 of 1st period - Alexander Frolov is hit by Evgeny Artyukhin and loses puck.
19:12 of 1st period - Snap shot by Martin Samuelsson.
19:12 of 1st period - Stopped by Cory Schneider without a rebound.
19:13 of 1st period - John Tavares wins face-off versus Nazem Kadri in Stars zone.
Goals for this period are 2 for Stars vs 1 for Coyotes.
Shots for this period are 6 for Stars vs 8 for Coyotes.
2nd period
0:01 of 2nd period - Tyler Ennis wins face-off versus John Tavares in neutral zone.
0:13 of 2nd period - Snap shot by Tyler Ennis.
0:13 of 2nd period - Stopped by Cory Schneider with a rebound.
0:15 of 2nd period - Wrist shot by Michael Del Zotto.
0:15 of 2nd period - Shot Blocked by Brian Lee.
0:17 of 2nd period - Slapshot by Marian Gaborik.
0:17 of 2nd period - Shot Blocked by Brian Lee.
0:36 of 2nd period - Slapshot by Michael Del Zotto.
0:36 of 2nd period - Shot Misses the Net.
1:02 of 2nd period - Boris Valabik is hit by Brad Richards and loses puck.
1:40 of 2nd period - Slapshot by Cam Atkinson.
1:40 of 2nd period - Stopped by Maxime Daigneault with a rebound.
2:48 of 2nd period - Wrist shot by Alex Chiasson.
2:48 of 2nd period - Stopped by Maxime Daigneault with a rebound.
3:37 of 2nd period - Minor Penalty to Andrej Sustr for Hooking.
3:38 of 2nd period - Nazem Kadri wins face-off versus John Tavares in Stars zone.
3:50 of 2nd period - Wrist shot by Nazem Kadri.
3:50 of 2nd period - Shot Misses the Net.
3:52 of 2nd period - Backhand shot by Tyler Ennis.
3:52 of 2nd period - Deflect By Nazem Kadri.
3:52 of 2nd period - Shot Misses the Net.
3:52 of 2nd period - Puck is out of play.
3:53 of 2nd period - John Tavares wins face-off versus Nazem Kadri in Stars zone.
3:53 of 2nd period - John Tavares is hit by Marian Gaborik.
4:03 of 2nd period - Slapshot by Anton Stralman.
4:03 of 2nd period - Stopped by Cory Schneider without a rebound.
4:04 of 2nd period - John Tavares wins face-off versus Nazem Kadri in Stars zone.
4:13 of 2nd period - John Tavares is hit by Nazem Kadri and loses puck.
4:26 of 2nd period - Guillaume Latendresse is hit by Nazem Kadri and loses puck.
5:37 of 2nd period - Penalty to Andrej Sustr is over, Andrej Sustr is back on ice.
5:49 of 2nd period - Andrej Sustr is hit by Evgeny Artyukhin and loses puck.
5:58 of 2nd period - Slapshot by Jamie Arniel.
5:58 of 2nd period - Shot Misses the Net.
6:16 of 2nd period - Snap shot by Jussi Jokinen.
6:16 of 2nd period - Stopped by Maxime Daigneault with a rebound.
7:00 of 2nd period - Slapshot by Cam Atkinson.
7:00 of 2nd period - Stopped by Maxime Daigneault with a rebound.
7:02 of 2nd period - Snap shot by Ted Purcell.
7:02 of 2nd period - Stopped by Maxime Daigneault with a rebound.
9:15 of 2nd period - Snap shot by Evgeny Grachev.
9:15 of 2nd period - Shot Misses the Net.
9:27 of 2nd period - Josh Gorges is hit by Alexander Frolov and loses puck.
9:50 of 2nd period - Nazem Kadri is hit by Jussi Jokinen and loses puck.
10:53 of 2nd period - Brian Lee is hit by Chris Stewart and loses puck.
11:19 of 2nd period - Icing by Anton Stralman.
11:20 of 2nd period - Jamie Arniel wins face-off versus Cory Emmerton in Coyotes zone.
11:25 of 2nd period - Wrist shot by Cory Emmerton.
11:25 of 2nd period - Stopped by Maxime Daigneault with a rebound.
11:43 of 2nd period - Marian Gaborik is hit by B.J. Crombeen.
12:28 of 2nd period - Snap shot by Marian Gaborik.
12:28 of 2nd period - Goal by Marian Gaborik - Stars : 2 - Coyotes : 2.
12:29 of 2nd period - Brad Richards wins face-off versus John Tavares in neutral zone.
12:34 of 2nd period - Wrist shot by Michael Del Zotto.
12:34 of 2nd period - Stopped by Cory Schneider with a rebound.
12:58 of 2nd period - Zach Parise is hit by John Tavares and loses puck.
13:13 of 2nd period - Wrist shot by Chris Stewart.
13:13 of 2nd period - Stopped by Cory Schneider without a rebound.
13:14 of 2nd period - Antoine Vermette wins face-off versus Evgeny Artyukhin in Stars zone.
13:21 of 2nd period - Slapshot by Boris Valabik.
13:21 of 2nd period - Stopped by Maxime Daigneault with a rebound.
13:39 of 2nd period - Snap shot by Tyler Ennis.
13:39 of 2nd period - Shot Blocked by Alex Chiasson.
13:41 of 2nd period - Slapshot by Anton Stralman.
13:41 of 2nd period - Stopped by Cory Schneider without a rebound.
13:42 of 2nd period - Cory Emmerton wins face-off versus Nazem Kadri in Stars zone.
14:09 of 2nd period - Anton Stralman is hit by Michael Grabner.
15:14 of 2nd period - Slapshot by John Tavares.
15:14 of 2nd period - Shot Misses the Net.
15:16 of 2nd period - Slapshot by Andrej Sustr.
15:16 of 2nd period - Stopped by Maxime Daigneault without a rebound.
15:17 of 2nd period - Michael Grabner wins face-off versus Jamie Arniel in Coyotes zone.
15:56 of 2nd period - Slapshot by Jamie Arniel.
15:56 of 2nd period - Shot Misses the Net.
15:58 of 2nd period - Snap shot by Evgeny Artyukhin.
15:58 of 2nd period - Stopped by Cory Schneider without a rebound.
15:59 of 2nd period - Nazem Kadri wins face-off versus Alex Chiasson in Stars zone.
16:08 of 2nd period - Snap shot by Tyler Ennis.
16:08 of 2nd period - Shot Misses the Net.
16:50 of 2nd period - Wrist shot by Ted Purcell.
16:50 of 2nd period - Goal by Ted Purcell - Stars : 3 - Coyotes : 2.
16:51 of 2nd period - Nazem Kadri wins face-off versus Guillaume Latendresse in neutral zone.
19:09 of 2nd period - Josh Gorges is hit by John Tavares and loses puck.
Goals for this period are 1 for Stars vs 1 for Coyotes.
Shots for this period are 9 for Stars vs 7 for Coyotes.
3rd period
0:01 of 3rd period - John Tavares wins face-off versus Tyler Ennis in neutral zone.
0:10 of 3rd period - Snap shot by John Tavares.
0:10 of 3rd period - Stopped by Maxime Daigneault without a rebound.
0:11 of 3rd period - John Tavares wins face-off versus Nazem Kadri in Coyotes zone.
0:18 of 3rd period - Snap shot by John Tavares.
0:18 of 3rd period - Shot Misses the Net.
0:28 of 3rd period - Snap shot by Guillaume Latendresse.
0:28 of 3rd period - Stopped by Maxime Daigneault with a rebound.
0:34 of 3rd period - Minor Penalty to Kristopher Letang for Hooking.
0:35 of 3rd period - Tyler Ennis wins face-off versus John Tavares in Coyotes zone.
1:08 of 3rd period - Snap shot by Alex Chiasson.
1:08 of 3rd period - Goal by Alex Chiasson - Stars : 4 - Coyotes : 2.
1:08 of 3rd period - Thomas McCollum enters game.
1:09 of 3rd period - John Tavares wins face-off versus Marian Gaborik in neutral zone.
1:34 of 3rd period - Ian White is hit by Martin Samuelsson and loses puck.
2:03 of 3rd period - Icing by Guillaume Latendresse.
2:04 of 3rd period - John Tavares wins face-off versus Brad Richards in Stars zone.
2:12 of 3rd period - Wrist shot by John Tavares.
2:12 of 3rd period - Shot Blocked by Zach Parise.
2:14 of 3rd period - Snap shot by Michael Grabner.
2:14 of 3rd period - Stopped by Thomas McCollum with a rebound.
2:26 of 3rd period - Slapshot by Boris Valabik.
2:26 of 3rd period - Shot Misses the Net.
2:28 of 3rd period - Slapshot by Johnny Oduya.
2:28 of 3rd period - Shot Blocked by Josh Gorges.
2:30 of 3rd period - Wrist shot by John Tavares.
2:30 of 3rd period - Shot Blocked by Michael Del Zotto.
2:32 of 3rd period - Slapshot by Johnny Oduya.
2:32 of 3rd period - Shot Misses the Net.
2:34 of 3rd period - Slapshot by Johnny Oduya.
2:34 of 3rd period - Shot Misses the Net.
3:01 of 3rd period - Snap shot by John Tavares.
3:01 of 3rd period - Shot Blocked by Michael Del Zotto.
3:03 of 3rd period - Slapshot by Johnny Oduya.
3:03 of 3rd period - Deflect By John Tavares.
3:03 of 3rd period - Shot Misses the Net.
3:03 of 3rd period - Puck is out of play.
3:04 of 3rd period - Nazem Kadri wins face-off versus Antoine Vermette in Coyotes zone.
3:13 of 3rd period - Slapshot by Nazem Kadri.
3:13 of 3rd period - Deflect By Tyler Ennis.
3:13 of 3rd period - Goal by Tyler Ennis - Stars : 4 - Coyotes : 3.
3:14 of 3rd period - Tyler Ennis wins face-off versus Antoine Vermette in neutral zone.
3:22 of 3rd period - Wrist shot by Jussi Jokinen.
3:22 of 3rd period - Shot Blocked by Tyler Ennis.
3:24 of 3rd period - Slapshot by Alex Chiasson.
3:24 of 3rd period - Shot Misses the Net.
3:26 of 3rd period - Snap shot by Jussi Jokinen.
3:26 of 3rd period - Deflect By Alex Chiasson.
3:26 of 3rd period - Shot Misses the Net.
3:26 of 3rd period - Puck is out of play.
3:27 of 3rd period - Antoine Vermette wins face-off versus Nazem Kadri in Coyotes zone.
4:18 of 3rd period - Snap shot by Evgeny Grachev.
4:18 of 3rd period - Goal by Evgeny Grachev - Stars : 5 - Coyotes : 3.
4:19 of 3rd period - John Tavares wins face-off versus Nazem Kadri in neutral zone.
4:24 of 3rd period - Snap shot by Guillaume Latendresse.
4:24 of 3rd period - Stopped by Thomas McCollum with a rebound.
4:31 of 3rd period - Minor Penalty to Tyler Ennis for Interference.
4:32 of 3rd period - John Tavares wins face-off versus Evgeny Artyukhin in Coyotes zone.
4:32 of 3rd period - Snap shot by Guillaume Latendresse.
4:32 of 3rd period - Stopped by Thomas McCollum with a rebound.
4:34 of 3rd period - Snap shot by Michael Grabner.
4:34 of 3rd period - Deflect By Guillaume Latendresse.
4:34 of 3rd period - Stopped by Thomas McCollum with a rebound.
4:36 of 3rd period - Wrist shot by Michael Grabner.
4:36 of 3rd period - Shot Misses the Net.
4:38 of 3rd period - Slapshot by Brian Lee.
4:38 of 3rd period - Stopped by Thomas McCollum without a rebound.
4:39 of 3rd period - Evgeny Artyukhin wins face-off versus John Tavares in Coyotes zone.
4:45 of 3rd period - Icing by John Tavares.
4:46 of 3rd period - Evgeny Artyukhin wins face-off versus John Tavares in Stars zone.
4:47 of 3rd period - Snap shot by Marian Gaborik.
4:47 of 3rd period - Stopped by Cory Schneider with a rebound.
5:09 of 3rd period - Snap shot by Guillaume Latendresse.
5:09 of 3rd period - Stopped by Thomas McCollum without a rebound.
5:10 of 3rd period - Evgeny Artyukhin wins face-off versus Antoine Vermette in Coyotes zone.
5:17 of 3rd period - Wrist shot by Marian Gaborik.
5:17 of 3rd period - Shot Blocked by Johnny Oduya.
6:04 of 3rd period - John Tavares is hit by Marian Gaborik and loses puck.
6:23 of 3rd period - Alex Chiasson is hit by Nazem Kadri and loses puck.
6:31 of 3rd period - Penalty to Tyler Ennis is over, Tyler Ennis is back on ice.
6:41 of 3rd period - Cory Emmerton is hit by Josh Gorges and loses puck.
6:50 of 3rd period - Wrist shot by Nazem Kadri.
6:50 of 3rd period - Stopped by Cory Schneider without a rebound.
6:51 of 3rd period - Evgeny Grachev wins face-off versus Brad Richards in Stars zone.
8:44 of 3rd period - Icing by Chris Stewart.
8:45 of 3rd period - Brad Richards wins face-off versus John Tavares in Coyotes zone.
9:02 of 3rd period - Snap shot by Guillaume Latendresse.
9:02 of 3rd period - Stopped by Thomas McCollum without a rebound.
9:03 of 3rd period - Nazem Kadri wins face-off versus Antoine Vermette in Coyotes zone.
9:09 of 3rd period - Minor Penalty to Marian Gaborik for Hooking.
9:10 of 3rd period - John Tavares wins face-off versus Tyler Ennis in Coyotes zone.
11:09 of 3rd period - Penalty to Marian Gaborik is over, Marian Gaborik is back on ice.
11:16 of 3rd period - Wrist shot by Anton Stralman.
11:16 of 3rd period - Shot Blocked by Cory Emmerton.
12:10 of 3rd period - Cam Atkinson is hit by Matt Donovan.
13:41 of 3rd period - Chris Stewart is hit by Ian White and loses puck.
14:50 of 3rd period - Kristopher Letang is hit by Cam Atkinson and loses puck.
14:59 of 3rd period - Snap shot by Ted Purcell.
14:59 of 3rd period - Shot Misses the Net.
16:06 of 3rd period - Slapshot by Brian Lee.
16:06 of 3rd period - Shot Blocked by Matt Donovan.
16:12 of 3rd period - Martin Samuelsson is hit by Cam Atkinson and loses puck.
16:21 of 3rd period - Minor Penalty to Brian Lee for Boarding.
16:22 of 3rd period - Nazem Kadri wins face-off versus Guillaume Latendresse in Stars zone.
16:41 of 3rd period - Guillaume Latendresse is hit by Zach Parise and loses puck.
18:06 of 3rd period - Jamie Arniel is hit by Antoine Vermette and loses puck.
18:07 of 3rd period - Jamie Arniel from Coyotes is injured at 18:07 of 3rd period (Broken Right Foot Toe).
18:08 of 3rd period - Nazem Kadri wins face-off versus John Tavares in Coyotes zone.
18:21 of 3rd period - Penalty to Brian Lee is over, Brian Lee is back on ice.
18:43 of 3rd period - Snap shot by Brad Richards.
18:43 of 3rd period - Shot Blocked by Alexander Frolov.
18:45 of 3rd period - Wrist shot by Brad Richards.
18:45 of 3rd period - Stopped by Cory Schneider without a rebound.
18:46 of 3rd period - Marian Gaborik wins face-off versus Antoine Vermette in Stars zone.
19:13 of 3rd period - Michael Del Zotto is hit by Boris Valabik and loses puck.
Goals for this period are 2 for Stars vs 1 for Coyotes.
Shots for this period are 11 for Stars vs 4 for Coyotes.
Back to the Top